 Dungeon Crawl Stone Soup version 0.28.0-53-g5a82cb258f (webtiles) character file.

Game seed: 9998440610494504923

77 Ashen the Ogre Mage (level 4, -3/41 HPs)
             Began as an Ogre Hedge Wizard on June 17, 2022.
             Blown up by Ijyb (21 damage)
             ... with a mindburst bolt
             ... on level 3 of the Dungeon.
             The game lasted 00:05:16 (3344 turns).

Ashen the Ogre Mage (Ogre Hedge Wizard)             Turns: 3344, Time: 00:05:16

Health: -3/41      AC:  3    Str: 14    XL:     4   Next: 34%
Magic:  8/10       EV:  9    Int: 17    God:
Gold:   113        SH:  0    Dex:  8    Spells: 3/11 levels left

rFire   . . .      SeeInvis .   n - +0 whip
rCold   . . .      Faith    .   (no shield)
rNeg    . . .      Spirit   .   b - +0 robe
rPois   .          Reflect  .   c - +0 hat
rElec   .          Harm     .   (no cloak)
rCorr   .          Rampage  .   (gloves unavailable)
Will    .....                   (boots unavailable)
Stlth   +.........              (no amulet)
HPRegen 0.13/turn               (no ring)
MPRegen 0.12/turn               (no ring)

@: no status effects
A: large, unfitting armour, tough skin 1
a: no special abilities


You were on level 3 of the Dungeon.
You visited 1 branch of the dungeon, and saw 3 of its levels.

You collected 113 gold pieces.

Inventory:

Hand Weapons
 n - a +0 whip (weapon)
Armour
 b - a +0 robe (worn)
 c - a +0 hat (worn)
Jewellery
 g - a ring of fire
Scrolls
 a - a scroll of fog {unknown}
 e - a scroll of silence {unknown}
 h - a scroll of torment {unknown}
 i - a scroll of enchant weapon {unknown}
 j - a scroll of teleportation
 l - a scroll of identify
 o - a scroll of immolation {unknown}
Potions
 d - a potion of flight {unknown}
 f - a potion of magic {unknown}
 k - 2 potions of might
 m - a potion of heal wounds {unknown}


   Skills:
 + Level 1.2 Fighting
 + Level 2.1 Dodging
 + Level 1.7 Stealth
 * Level 4.4 Spellcasting
 + Level 1.3 Conjurations
 + Level 1.4 Summonings
 + Level 1.4 Translocations


You had 3 spell levels left.
You knew the following spells:

 Your Spells              Type           Power      Damage    Failure   Level
a - Magic Dart            Conj           32%        1d4       9%          1
b - Blink                 Tloc           16%        N/A       13%         2
c - Call Imp              Summ           8%         N/A       13%         2
d - Mephitic Cloud        Conj/Pois/Air  5%         N/A       36%         3

Your spell library contained the following spells:

 Spells                   Type           Power      Damage    Failure   Level
 Apportation              Tloc           16%        N/A       9%          1
 Summon Small Mammal      Summ           32%        N/A       9%          1
 Animate Skeleton         Necr           6%         N/A       16%         1
 Slow                     Hex            12%        N/A       16%         1
 Conjure Flame            Conj/Fire      6%         6-21      34%         3
 Dazzling Flash           Conj/Hex       12%        N/A       34%         3
 Tukima's Dance           Hex            3%         N/A       41%         3
 Passage of Golubria      Tloc           8%         N/A       63%         4
 Agony                    Necr           3%         N/A       99%         5
 Silence                  Hex/Air        1%         N/A       99%         5
 Yara's Violent Unravell  Hex/Tmut       1%         3d3       99%         5


Dungeon Overview and Level Annotations

Branches:
Dungeon (3/15)

Altars:
Nemelex Xobeh

Annotations:
D:3 Grinder, Ijyb


Innate Abilities, Weirdness & Mutations

You are too large for most types of armour.
You have tough skin. (AC +1)


Message History

Your crimson imp disappears in a puff of smoke!
Your magical contamination has completely faded away.
You strike the helpless Ijyb from behind!
You hit Ijyb but do no damage.
Ijyb is moderately wounded.
You hit Ijyb but do no damage.
Ijyb is moderately wounded.
You hit Ijyb but do no damage.
Ijyb is moderately wounded.
Ijyb hits you with a +0 club.
You hit Ijyb but do no damage.
Ijyb is moderately wounded.
You hit Ijyb.
Ijyb is heavily wounded.
Ijyb hits you with a +0 club!
* * * LOW HITPOINT WARNING * * *
You aren't carrying any items that you can evoke.
Casting: Mephitic Cloud (quite dangerous; 36% risk of failure)
Confirm with . or Enter, or press ? or * to list all spells.
Aiming: Magic Dart (safe; 9% risk of failure)
Press: ? - help, Shift-Dir - straight line, f/p - Ijyb
Aim: Ijyb, wielding a +0 club, wearing a +2 chain mail of fire resistance and carrying a wand of mindburst (12) (heavily wounded, confused, 100% to hit)
The magic dart hits Ijyb but does no damage.
Ijyb is heavily wounded.
Casting: Magic Dart (safe; 9% risk of failure)
Confirm with . or Enter, or press ? or * to list all spells.
Aiming: Magic Dart (safe; 9% risk of failure)
Press: ? - help, Shift-Dir - straight line, f/p - Ijyb
Aim: Ijyb, wielding a +0 club, wearing a +2 chain mail of fire resistance and carrying a wand of mindburst (12) (moderately wounded, confused, 100% to hit)
The magic dart hits Ijyb but does no damage.
Ijyb is moderately wounded.
Items here: ( ) [ †.
Ijyb screams, "Me stronger than you!"
Items here: ( ) [ †.
Ijyb zaps a wand.
You barely resist.
Ijyb zaps a wand.
You barely resist.
Ijyb screams, "No!
No, no, no, no!"
Ijyb zaps a wand.
Your mind is blasted!
Ouch! That really hurt!
You die...

#...............................
#.####†......#.##.g#......#.....
#. #.......#.##....###..#.....
##.####.......#.##...##.##.......
..........#####.##..##...##......
...........# #....##.._..##....#
...........# ##..##...^...##..##
...).......# #.##.....^...##.##
...........# #@#.^^#####..^#.##
...........# #.##.'#.#.#'^##.##
......###### #..###..#..###..##
......# ##.....###......##
.#.#### ######..#.....####.## .#>
...................... ..
#######.......#####.#. #.......#
#.#. .#.......# #.#.


You could see Ijyb.

Vanquished Creatures
  3 adders
  A worm (D:3)
  An orc (D:3)
  5 bats
  An endoplasm (D:1)
  2 giant cockroaches (D:1)
  5 goblins
  6 hobgoblins
  4 kobolds
  3 quokkas
  7 ball pythons
  3 frilled lizards
  3 rats
44 creatures vanquished.

Notes
Turn   | Place    | Note
-------+----------+-------------------------------------------
     0 | D:1      | Ashen the Ogre Hedge Wizard began the quest for the Orb.
     0 | D:1      | Reached XP level 1. HP: 16/16 MP: 5/5
   152 | D:1      | Reached skill level 1 in Translocations
   252 | D:1      | Reached skill level 1 in Conjurations
   252 | D:1      | Reached skill level 1 in Summonings
   334 | D:1      | Reached XP level 2. HP: 9/26 MP: 3/6
   879 | D:1      | Reached skill level 4 in Spellcasting
  1524 | D:2      | Reached XP level 3. HP: 29/32 MP: 1/8
  1652 | D:2      | Learned a level 2 spell: Blink
  1655 | D:2      | Learned a level 2 spell: Call Imp
  1659 | D:2      | Learned a level 3 spell: Mephitic Cloud
  2031 | D:2      | Reached skill level 1 in Fighting
  2634 | D:3      | Found a sparkling altar of Nemelex Xobeh.
  2664 | D:3      | Noticed Grinder
  2772 | D:3      | Reached XP level 4. HP: 40/41 MP: 0/10
  3246 | D:3      | Noticed Ijyb
  3344 | D:3      | Blown up by Ijyb

Illustrated notes

Levels and vault maps discovered:
D:1:      dpeg_arrival_round_b, layout_loops_ring
D:2:      layout_basic, hangedman_decor_clover_reticule, minmay_pentomino_u4
D:3:      layout_basic, nemelex_spade_bored_becter, uniq_grinder, uniq_ijyb,
          uniq_crazy_yiuf_cottage

Skill      XL: |  1  2  3 |
---------------+----------+-----
Translocations | 1 |  1.4
Conjurations   | 1 |  1.3
Summonings     | 1 |  1.4
Spellcasting   | 4 |  4.4
Dodging        | 2 |  2.1
Fighting       | 1 |  1.2
Stealth        | |  1.7

Action                   |  1- 3 |  4- 6 || total
-------------------------+-------+-------++-------
Melee: Dagger            |    19 |       ||    19
       Whip              |     2 |    23 ||    25
       Punch             |       |     1 ||     1
 Cast: Magic Dart        |    86 |    31 ||   117
       Call Imp          |     1 |     1 ||     2
       Mephitic Cloud    |       |     2 ||     2
  Use: Scroll            |     2 |       ||     2
 Stab: Sleeping          |     2 |       ||     2
       Confused          |       |     1 ||     1
Armor: Robe              |     7 |     2 ||     9
Dodge: Dodged            |    16 |     9 ||    25
